 Dungeon Crawl Stone Soup version 0.31-a0-188-g5e087ee2ca (webtiles) character file.

Game seed: 18302594144046016324

5741 qw the Markself (level 10, -4/50 HPs)
             Began as a Deep Elf Hunter on June 23, 2023.
             Was a Believer of Okawaru.
             Slain by a wyvern (12 damage)
             ... on level 9 of the Dungeon.
             The game lasted 00:03:48 (8746 turns).

qw the Markself (Deep Elf Hunter)                   Turns: 8746, Time: 00:03:48

Health: -4/50      AC: 10    Str: 20    XL:     10   Next: 49%
Magic:  14/15      EV: 20    Int: 14    God:    Okawaru [**....]
Gold:   672        SH:  0    Dex: 19    Spells: 9/9 levels left

rFire   . . .        Y - +1 arbalest
rCold   . . .        (shield currently unavailable)
rNeg    + . .        g - +2 leather armour {rPois}
rPois   +            (no helmet)
rElec   .            c - +0 cloak
rCorr   .            (no gloves)
SInv    .            f - +2 pair of boots
Will    +....        (no amulet)
Stlth   ++++         d - ring of positive energy
HPRegen 0.28/turn    e - +6 ring of strength
MPRegen 0.14/turn

%: no passive effects
@: heroic
A: camouflage 1, frail 1, strong 1, no potion heal 1
a: Renounce Religion, Heroism


You were on level 9 of the Dungeon.
You worshipped Okawaru.
Okawaru was pleased with you.
You visited 2 branches of the dungeon, and saw 10 of its levels.

You collected 672 gold pieces.


Innate Abilities, Weirdness & Mutations

Your skin changes colour to match your surroundings (Stealth+).
You are frail. (-10% HP)
Your muscles are strong. (Str +4, Int/Dex -1)
Potions are less effective at restoring your health.


   Skills:
 - Level 4.0(9.0) Fighting
 + Level 17.6(22.6) Ranged Weapons
 - Level 1.2(6.2) Armour
 - Level 7.0(12.0) Dodging
 - Level 1.2(6.2) Stealth
 - Level 4.2 Invocations


You had 9 spell levels left.
You didn't know any spells.
Your spell library was empty.

Inventory:

Hand Weapons
 Y - a +1 arbalest (weapon)
Armour
 c - a +0 cloak (worn)
 f - a +2 pair of boots (worn)
 g - a +2 leather armour of poison resistance (worn)
 k - a +2 robe of fire resistance
 l - a +0 ring mail
 o - the +2 robe of Ignis's Respect {SInv}
   (You took it off a wight on level 8 of the Dungeon)

   SInv:      It lets you see invisible.
Jewellery
 d - a ring of positive energy (left hand)
 e - a +6 ring of strength (right hand)
 q - a ring of poison resistance
Scrolls
 a - a scroll of identify
 p - a scroll of enchant armour {unknown}
Potions
 b - 2 potions of haste
 h - 2 potions of heal wounds {unknown}
 i - a potion of cancellation {unknown}
 j - 4 potions of curing
 m - a potion of might
 n - a potion of magic {unknown}

Dungeon Overview and Level Annotations

Branches:
Dungeon (9/15)             Temple (1/1) D:6
   Lair: D:8-11         Orc: D:9-12

Altars:
Ashenzari
Cheibriados
Dithmenos
Elyvilon
Fedhas
Gozag
Hepliaklqana
Kikubaaqudgha
Makhleb
Nemelex Xobeh
Okawaru
Qazlal
Ru
Sif Muna
Trog
Uskayaw
Vehumet
Wu Jian
Xom
Yredelemnul
Zin
The Shining One

Annotations:
D:9 2 runed translucent doors, qw's ghost, novice GrFi


Message History

Enter note:
Enter note:
Enter note: You shoot a bolt.
The bolt hits the wyvern.
The wyvern hisses angrily.
The wyvern is lightly wounded.
You shoot a bolt. The bolt barely misses the wyvern.
Enter note:
Enter note:
Enter note:
Enter note:
Enter note:
Enter note: You shoot a bolt.
The bolt closely misses the wyvern.
You shoot a bolt. The bolt hits the wyvern!
The wyvern is heavily wounded.
The wyvern bites you! x2
8739 ||| INVOKING Heroism.
You gain the combat prowess of a mighty hero.
The wyvern misses you.
You shoot a bolt.
The bolt hits the wyvern but does no damage.
The wyvern is heavily wounded.
The wyvern closely misses you. The wyvern bites you!
You shoot a bolt. The bolt closely misses the wyvern.
The wyvern completely misses you.
You shoot a bolt. The bolt closely misses the wyvern.
The wyvern completely misses you. The wyvern bites you!
You shoot a bolt. The bolt closely misses the wyvern.
The wyvern bites you!
You shoot a bolt. The bolt hits the wyvern.
The wyvern is severely wounded.
The wyvern barely misses you. The wyvern closely misses you.
You shoot a bolt. The bolt hits the wyvern.
The wyvern is almost dead.
The wyvern hisses menacingly.
The wyvern bites you but does no damage.
You shoot a bolt. The bolt closely misses the wyvern.
The wyvern misses you. The wyvern bites you!
You die...

.#### # ..<... .#
.....$###.# ..
......l@..# ####
.. .##..##.###
###.#. #. # #.#
#~.)~.# ##
#.#####.#~[..~#
#.....#..}.#~.####
#(....##W~...~.#.#
#.....####++####.#
#....(...........#
#.................


You could see a wyvern.

Vanquished Creatures
  A two-headed ogre (D:8)
  A hornet (D:9)
  Grinder (D:6)
  5 yaks (D:8)
  A wyvern (D:8)
  Menkaure (D:4)
  Edmund (D:6)
  A water moccasin (D:8)
  An orc warrior (D:7)
  2 sky beasts
  A black bear (D:4)
  2 centaurs
  A phantom (D:7)
  3 kobold brigands
  4 bullfrogs
  Blork the orc (D:4)
  4 scorpions
  3 gnoll sergeants
  14 wights
  6 howler monkeys
  5 hounds
  7 orc priests
  A sleepcap (D:6)
  An iguana (D:5)
  10 orc wizards
  16 gnolls
  9 adders
  A white imp (D:5)
  3 ufetubi
  2 worms
  2 dart slugs
  36 orcs
  3 endoplasms
  A giant cockroach (D:2)
  4 goblins
  11 hobgoblins
  9 quokkas
  11 ball pythons
  2 bats (D:1)
  2 frilled lizards
  21 kobolds
  6 rats
217 creatures vanquished.

Notes
Turn   | Place    | Note
-------+----------+-------------------------------------------
     0 | D:1      | qw the Deep Elf Hunter began the quest for the Orb.
     0 | D:1      | Reached XP level 1. HP: 12/12 MP: 3/3
     0 | D:1      | 0 ||| qw: Version: 0.3-a-9-g12657ce
     0 | D:1      | 0 ||| qw: Game counter: 4127
     0 | D:1      | 0 ||| qw: Always use a shield: true
     0 | D:1      | 0 ||| qw: God list: Okawaru
     0 | D:1      | 0 ||| qw: Allow faded altars: false
     0 | D:1      | 0 ||| qw: Do Orc after D:15 true
     0 | D:1      | 0 ||| qw: Do second Lair branch before Depths: true
     0 | D:1      | 0 ||| qw: Lair rune preference: random
     0 | D:1      | 0 ||| qw: Plans: Normal
     0 | D:1      | 0 ||| PLANNING D:1-11
   178 | D:1      | Reached skill level 6 in Ranged Weapons
   178 | D:1      | Reached XP level 2. HP: 16/16 MP: 4/4
   306 | D:1      | You fall into a shaft and drop 1 floor!
   467 | D:2      | Reached XP level 3. HP: 20/20 MP: 5/5
   468 | D:2      | 468 ||| UPGRADING to ring of positive energy.
   469 | D:2      | 469 ||| READING scroll labelled XOXUENNYULU.
   474 | D:2      | 474 ||| READING scroll labelled DUFIODY QIHOUN.
   475 | D:2      | 475 ||| READING scroll labelled HITHUV TYP.
   476 | D:2      | 476 ||| DROPPING scroll of butterflies.
   875 | D:2      | Reached skill level 7 in Ranged Weapons
   885 | D:2      | 885 ||| SWAPPING to +0 arbalest.
   893 | D:2      | 893 ||| DROPPING +0 shortbow.
  1480 | D:2      | 1480 ||| READING 2 scrolls of identify.
  1480 | D:2      | 1480 ||| IDENTIFYING smoky dark potion
  1562 | D:3      | Reached XP level 4. HP: 12/25 MP: 6/6
  1919 | D:3      | Noticed a scorpion
  1923 | D:3      | Killed a scorpion
  1924 | D:3      | Reached skill level 8 in Ranged Weapons
  1924 | D:3      | Reached XP level 5. HP: 21/29 MP: 7/7
  2317 | D:3      | 2317 ||| DROPPING +6 ring of intelligence.
  2318 | D:3      | 2318 ||| READING scroll labelled MYILAS ACVOAG.
  2319 | D:3      | 2319 ||| DRINKING 2 bubbling silvery potions.
  2320 | D:3      | 2320 ||| READING 2 scrolls of identify.
  2320 | D:3      | 2320 ||| IDENTIFYING bubbling puce potion
  2321 | D:3      | 2321 ||| DROPPING potion of lignification.
  2347 | D:4      | 2347 ||| PLANNING OSSUARY
  2352 | D:4      | Reached skill level 9 in Ranged Weapons
  2356 | D:4      | Reached skill level 3 in Dodging
  2403 | D:4      | Noticed Blork the orc
  2411 | D:4      | Killed Blork the orc
  2412 | D:4      | Reached XP level 6. HP: 18/36 MP: 8/8
  3161 | D:4      | 3161 ||| RIP OSSUARY
  3161 | D:4      | 3161 ||| RIP SEWER
  3161 | D:4      | 3161 ||| PLANNING D:1-11
  3198 | D:4      | Reached skill level 10 in Ranged Weapons
  3369 | D:4      | Noticed Menkaure
  3376 | D:4      | Killed Menkaure
  3377 | D:4      | Reached XP level 7. HP: 25/40 MP: 9/9
  3448 | D:4      | 3448 ||| Stepping ~*~*~tactically~*~*~ (water).
  3751 | D:4      | 3751 ||| Stepping ~*~*~tactically~*~*~ (water).
  3776 | D:4      | 3776 ||| Stepping ~*~*~tactically~*~*~ (water).
  3778 | D:4      | 3778 ||| Stepping ~*~*~tactically~*~*~ (water).
  3806 | D:4      | 3806 ||| UPGRADING to +2 leather armour of poison
                  | resistance.
  3816 | D:4      | 3816 ||| DROPPING +0 leather armour.
  3817 | D:4      | 3817 ||| READING scroll labelled SOR WUFOXIEG.
  3818 | D:4      | 3818 ||| READING scroll labelled QAMPIZ QAEBORGH.
  3819 | D:4      | 3819 ||| READING scroll labelled GAFAEG NADDA.
  3820 | D:4      | 3820 ||| DRINKING 2 fizzy blue potions.
  3821 | D:4      | 3821 ||| READING 2 scrolls of identify.
  3821 | D:4      | 3821 ||| IDENTIFYING black potion
  3822 | D:4      | 3822 ||| DROPPING potion of attraction.
  3823 | D:4      | 3823 ||| DROPPING potion of brilliance.
  3897 | D:5      | Entered Level 5 of the Dungeon
  3992 | D:5      | Found a shimmering altar of Xom.
  4098 | D:5      | Reached skill level 11 in Ranged Weapons
  4100 | D:5      | HP: 8/40 [gnoll/+0 flail[a gnoll sergeant] (6)]
  4329 | D:5      | Found a stormy altar of Qazlal.
  4330 | D:5      | Found a snail-covered altar of Cheibriados.
  4330 | D:5      | Found an opulent altar of Gozag.
  4520 | D:5      | Reached XP level 8. HP: 45/45 MP: 10/10
  4680 | D:5      | Found a sparkling altar of Nemelex Xobeh.
  4784 | D:5      | 4784 ||| UPGRADING to +0 cloak.
  4789 | D:5      | 4789 ||| UPGRADING to +2 pair of boots.
  4794 | D:5      | 4794 ||| READING 3 scrolls labelled FOIPLIMASMI.
  4795 | D:5      | 4795 ||| READING scroll labelled ZIDYKH XONUHU.
  4796 | D:5      | 4796 ||| READING 3 scrolls of identify.
  4796 | D:5      | 4796 ||| IDENTIFYING viscous silvery potion
  4797 | D:5      | 4797 ||| READING 2 scrolls of identify.
  4797 | D:5      | 4797 ||| IDENTIFYING inky potion
  4798 | D:5      | 4798 ||| DROPPING 2 scrolls of blinking.
  4799 | D:5      | 4799 ||| DROPPING potion of ambrosia.
  4846 | D:6      | Noticed Grinder
  4849 | D:6      | Reached skill level 12 in Ranged Weapons
  4856 | D:6      | Paralysed by Grinder for 5 turns
  4864 | D:6      | Killed Grinder
  4924 | D:6      | Reached skill level 1 in Armour
  4927 | D:6      | HP: 10/48 [wight/+4 war axe (7)]
  5315 | D:6      | Found a staircase to the Ecumenical Temple.
  5316 | D:6      | 5316 ||| PLANNING TEMPLE
  5316 | D:6      | 5316 ||| READING scroll labelled QONIXZ LECUGIM.
  5317 | D:6      | 5317 ||| DRINKING 2 bubbling yellow potions.
  5317 | D:6      | Gained mutation: You are vulnerable to cold. (rC-) [potion
                  | of mutation]
  5317 | D:6      | Gained mutation: Your spells are a little harder to cast,
                  | but a little more powerful. [potion of mutation]
  5317 | D:6      | Gained mutation: Your muscles are strong. (Str +4, Int/Dex
                  | -1) [potion of mutation]
  5317 | D:6      | Gained mutation: Your skin changes colour to match your
                  | surroundings (Stealth+). [potion of mutation]
  5318 | D:6      | 5318 ||| DRINKING potion of mutation.
  5318 | D:6      | Lost mutation: Your spells are a little harder to cast, but
                  | a little more powerful. [potion of mutation]
  5318 | D:6      | Lost mutation: You are vulnerable to cold. (rC-) [potion of
                  | mutation]
  5318 | D:6      | Gained mutation: Potions are less effective at restoring
                  | your health. [potion of mutation]
  5318 | D:6      | Gained mutation: You are frail. (-10% HP) [potion of
                  | mutation]
  5323 | D:6      | 5323 ||| Stepping ~*~*~tactically~*~*~ (water).
  5351 | Temple   | Entered the Ecumenical Temple
  5526 | Temple   | 5526 ||| PLANNING D:1-11
  5564 | D:6      | Reached skill level 13 in Ranged Weapons
  5609 | D:6      | Found a burning altar of Makhleb.
  5636 | D:6      | 5636 ||| Stepping ~*~*~tactically~*~*~ (outnumbered).
  5638 | D:6      | 5638 ||| Stepping ~*~*~tactically~*~*~ (outnumbered).
  5741 | D:6      | Reached XP level 9. HP: 35/46 MP: 11/11
  5958 | D:6      | Noticed Edmund
  5965 | D:6      | Killed Edmund
  5966 | D:6      | Reached skill level 14 in Ranged Weapons
  6061 | D:6      | Found an iron altar of Okawaru.
  6270 | D:6      | 6270 ||| UPGRADING to +6 ring of strength.
  6271 | D:6      | 6271 ||| READING scroll labelled UVINGY NEQU.
  6423 | D:7      | Reached skill level 6 in Dodging
  6505 | D:7      | Found a basalt altar of Yredelemnul.
  6515 | D:7      | 6515 ||| DRINKING 2 potions of curing.
  6515 | D:7      | 6515 ||| (to cure confusion)
  6569 | D:7      | 6569 ||| Stepping ~*~*~tactically~*~*~ (outnumbered).
  6602 | D:7      | 6602 ||| FLEEEEING.
  7006 | D:6      | 7006 ||| PLANNING OKAWARU WORSHIP
  7013 | D:6      | Became a worshipper of Warmaster Okawaru
  7014 | D:6      | 7014 ||| PLANNING D:1-11
  7200 | D:7      | Reached skill level 15 in Ranged Weapons
  7416 | D:7      | 7416 ||| Stepping ~*~*~tactically~*~*~ (outnumbered).
  7418 | D:7      | 7418 ||| Stepping ~*~*~tactically~*~*~ (outnumbered).
  7420 | D:7      | 7420 ||| Stepping ~*~*~tactically~*~*~ (outnumbered).
  7422 | D:7      | 7422 ||| Stepping ~*~*~tactically~*~*~ (outnumbered).
  7424 | D:7      | 7424 ||| Stepping ~*~*~tactically~*~*~ (outnumbered).
  7426 | D:7      | 7426 ||| Stepping ~*~*~tactically~*~*~ (outnumbered).
  7428 | D:7      | 7428 ||| Stepping ~*~*~tactically~*~*~ (outnumbered).
  7430 | D:7      | 7430 ||| Stepping ~*~*~tactically~*~*~ (outnumbered).
  7432 | D:7      | 7432 ||| Stepping ~*~*~tactically~*~*~ (outnumbered).
  7434 | D:7      | 7434 ||| Stepping ~*~*~tactically~*~*~ (outnumbered).
  7436 | D:7      | 7436 ||| Stepping ~*~*~tactically~*~*~ (outnumbered).
  7438 | D:7      | 7438 ||| Stepping ~*~*~tactically~*~*~ (outnumbered).
  7440 | D:7      | 7440 ||| Stepping ~*~*~tactically~*~*~ (outnumbered).
  7441 | D:7      | Reached * piety under Okawaru
  7443 | D:7      | 7443 ||| Stepping ~*~*~tactically~*~*~ (outnumbered).
  7481 | D:7      | 7481 ||| Stepping ~*~*~tactically~*~*~ (outnumbered).
  7483 | D:7      | 7483 ||| Stepping ~*~*~tactically~*~*~ (outnumbered).
  7489 | D:7      | Reached skill level 1 in Invocations
  7490 | D:7      | 7490 ||| INVOKING Heroism.
  7683 | D:8      | 7683 ||| INVOKING Heroism.
  7691 | D:8      | 7691 ||| Stepping ~*~*~tactically~*~*~ (outnumbered).
  7694 | D:8      | 7694 ||| INVOKING Heroism.
  7702 | D:8      | Reached skill level 16 in Ranged Weapons
  7702 | D:8      | Reached skill level 3 in Invocations
  7704 | D:8      | HP: 6/46 [orc priest/divine providence (11)]
  7712 | D:8      | 7712 ||| INVOKING Heroism.
  7714 | D:8      | HP: 8/46 [kobold/+0 short sword (1)]
  7728 | D:8      | Noticed a two-headed ogre
  7729 | D:8      | 7729 ||| FLEEEEING.
  7730 | D:8      | 7730 ||| STAIRDANCE
  7856 | D:8      | 7856 ||| INVOKING Heroism.
  7861 | D:8      | Killed a two-headed ogre
  7861 | D:8      | Reached ** piety under Okawaru
  7862 | D:8      | Reached XP level 10. HP: 50/50 MP: 11/15
  8003 | D:8      | Identified the +2 robe of Ignis's Respect {SInv}
  8231 | D:8      | Reached skill level 17 in Ranged Weapons
  8233 | D:8      | 8233 ||| INVOKING Heroism.
  8696 | D:9      | Found a large runed translucent door.
  8696 | D:9      | Found a large runed translucent door.
  8700 | D:9      | Noticed qw's ghost (novice GrFi)
  8739 | D:9      | 8739 ||| INVOKING Heroism.
  8743 | D:9      | HP: 7/50 [wyvern (12)]
  8746 | D:9      | Slain by a wyvern

Levels and vault maps discovered:
D:1:      dpeg_arrival_round_a, layout_loops_ring, kennysheep_another_room
D:2:      layout_basic
D:3:      layout_basic
D:4:      layout_layer_cave, gup_sewer_entry_spiral,
          chequers_ossuary_entry_cave, nicolae_letterblocks
          [nicolae_letter_subblock, nicolae_letter_subblock,
          nicolae_letter_subblock, nicolae_letter_subblock,
          nicolae_letter_subblock, nicolae_letter_subblock,
          nicolae_letter_subblock, nicolae_letter_subblock,
          nicolae_letter_subblock, nicolae_letter_subblock,
          nicolae_letter_subblock, nicolae_letter_subblock,
          nicolae_letter_subblock, nicolae_letter_subblock,
          nicolae_letter_subblock, nicolae_letter_subblock,
          nicolae_letter_subblock, nicolae_letter_subblock,
          nicolae_letter_subblock, nicolae_letter_subblock,
          nicolae_letter_subblock, nicolae_letter_subblock,
          nicolae_letter_subblock, nicolae_letter_subblock,
          nicolae_letter_subblock], uniq_blork_the_orc, uniq_menkaure
D:5:      layout_loops_ring, xom_butterflies, kennysheep_mini, minitemple
D:6:      layout_layer_cave, bloody_makhleb, nicolae_overflow_hidden_temple,
          temple_pool_b, uniq_edmund, uniq_grinder
D:7:      layout_basic, mainiacjoe_overflow_cross_hatched,
          nicolae_figureground_sparkle
D:8:      layout_cave_pools, kennysheep_generic_room_2
D:9:      layout_loops_cross, lair_entry_dummy, orc_0_dummy,
          ebering_ghost_disaster_area, minmay_misc_feat_encased
Temple:   nicolae_temple_bog_church

Skill      XL: |  1  2  3  4  5  6  7  8  9 10 |
---------------+-------------------------------+-----
Ranged Weapons | 6 7 8 9 10 11 13 16 17 | 17.6
Dodging        | 3 4 5 6 7 |  7.0
Fighting       | 2 4 |  4.0
Armour         | 1 |  1.2
Invocations    | 4 |  4.2
Stealth        | |  1.2

Action                     |  1- 3 |  4- 6 |  7- 9 | 10-12 || total
---------------------------+-------+-------+-------+-------++-------
   Fire: Shortbow          |    70 |       |       |       ||    70
         Arbalest          |    29 |    90 |   316 |    82 ||   517
 Invoke: Heroism           |       |       |     5 |     2 ||     7
    Use: Scroll            |     4 |     2 |    10 |       ||    16
         Potion            |       |     1 |     4 |       ||     5
 Armour: Leather armour    |     4 |     6 |    32 |     9 ||    51
  Dodge: Dodged            |    17 |    19 |   144 |    21 ||   201

Table legend:
 A = Non-vault XP
 B = Vault XP
 C = Vault XP percentage of total XP
 D = Non-vault monster count
 E = Vault monster count
 F = Vault count percentage of total count
                 A         B        C        D         E       F
            +---------+---------+-------+---------+---------+-------
      Total |    7045 |    1157 |  14.1 |     205 |      12 |   5.5
            +---------+---------+-------+---------+---------+-------
        D:1 |      36 |       0 |   0.0 |      21 |       0 |   0.0
        D:2 |      47 |       0 |   0.0 |      18 |       0 |   0.0
        D:3 |     146 |       0 |   0.0 |      13 |       0 |   0.0
        D:4 |     364 |     290 |  44.3 |      27 |       8 |  22.9
        D:5 |     583 |       0 |   0.0 |      21 |       0 |   0.0
        D:6 |    1260 |     453 |  26.4 |      29 |       2 |   6.5
        D:7 |    1388 |       0 |   0.0 |      38 |       0 |   0.0
        D:8 |    2709 |     414 |  13.3 |      30 |       2 |   6.2
        D:9 |     512 |       0 |   0.0 |       8 |       0 |   0.0
            +---------+---------+-------+---------+---------+-------
